 Dungeon Crawl Stone Soup version 0.27.1-33-g824d729ab1 (webtiles) character file.

Game seed: 11609261188189369162

226 belegose the Shield-Bearer (level 6, 0/47 HPs)
             Began as a Djinni Fighter on Dec 9, 2021.
             Killed from afar by a dart slug (2 damage)
             ... with a slug dart
             ... on level 4 of the Dungeon.
             The game lasted 00:06:41 (4090 turns).

belegose the Shield-Bearer (Djinni Fighter)         Turns: 4090, Time: 00:06:41

Health: 0/47       AC:  5    Str: 15    XL:     6   Next: 21%
Gold:   167        EV: 11    Int: 12    God:
                   SH:  5    Dex: 12

rFire    + . .     SeeInvis .   a - +0 long sword
rCold    + . .     Faith    .   b - +0 buckler
rNeg     . . .     Spirit   .   f - +0 ring mail
rPois    ∞         Reflect  .   (no helmet)
rElec    .         Harm     .   (no cloak)
rCorr    .         Rampage  .   (no gloves)
Will     .....                  (boots unavailable)
Stlth    +.........             (no amulet)
HPRegen  0.15/turn              g - ring of ice
MPRegen  0.00/turn              m - ring of protection from cold

@: flying
A: sickness immunity, fire resistance 2, cold vulnerability 1, float, innate
caster, hp casting, extra vitality 1
a: no special abilities


You were on level 4 of the Dungeon.
You visited 1 branch of the dungeon, and saw 4 of its levels.

You collected 167 gold pieces.

Inventory:

Hand Weapons
 a - a +0 long sword (weapon)
Armour
 b - a +0 buckler (worn)
 c - a +0 kite shield
 f - a +0 ring mail (worn)
Jewellery
 g - a ring of ice (left hand)
 m - a ring of protection from cold (right hand)
Scrolls
 h - a scroll of teleportation {unknown}
 i - a scroll of noise {unknown}
 l - 3 scrolls of identify {unknown}
Potions
 d - a potion of might
 e - a potion of attraction {unknown}
 j - 2 potions of curing {unknown}
 k - a potion of brilliance {unknown}


   Skills:
 + Level 3.9 Fighting
 + Level 3.0 Long Blades
 - Level 3.2 Armour
 + Level 2.0 Dodging
 - Level 4.0 Shields
 + Level 1.2 Spellcasting


You had 4 spell levels left.
You knew the following spells:

 Your Spells              Type           Power      Damage    Failure   Level
a - Apportation           Tloc           6%         N/A       32%         1
b - Static Discharge      Conj/Air       3%         N/A       45%         2
Your spell library was empty.

Dungeon Overview and Level Annotations

Branches:
Dungeon (4/15)
 Temple: D:4-7

Altars:

Shops:
D:1 :

Annotations:
D:2 1 runed translucent door, Crazy Yiuf
D:3 1 runed translucent door, demibob's ghost, amateur HOGl


Innate Abilities, Weirdness & Mutations

You are immune to sickness and miasma.
You are immune to poison.
Your flesh is very heat resistant. (rF++)
You are vulnerable to cold. (rC-)
You float through the air rather than walking.
You learn spells naturally, not from books.
Your magical power is your life essence.
You have superior vitality. (+4 HP)


Message History

You fly downwards.
The dart slug launches a dart at you. You block the slug dart.
The worm bites you.
There is a stone staircase leading up here.
You hit the worm.
The worm is moderately wounded.
You hit the worm.
The worm is heavily wounded.
The iguana barely misses you. The worm completely misses you.
The iguana bites you!
You slash the worm!
The worm is almost dead.
The worm bites you but does no damage. The iguana bites you.
You barely miss the worm.
The worm is severely wounded.
The iguana bites you!
* * * LOW HITPOINT WARNING * * *
The worm barely misses you.
Unknown command.
You slash the worm!
You kill the worm!
The iguana bites you!
* * * LOW HITPOINT WARNING * * *
You block the iguana's attack.
You see here a worm corpse.
Found a scroll labelled ZIELIE FUIDD.
You see here a scroll labelled ZIELIE FUIDD.
Found a spear.
Things that are here:
3 stones; a +0 club The iguana hisses menacingly.
A hobgoblin comes into view.
The hobgoblin shouts!
You hear a bark!
An iguana comes into view.
The dart slug launches a dart at you. The slug dart hits you.
* * * LOW HITPOINT WARNING * * *
The dart slug launches a dart at you. The slug dart hits you.
You die...

##..#.....##.# ##.###......
####w####.#.##
..##..?......#
#.########...# #.# #...#####
. #.# #........ .... #.#
######...#####
.....######@###.............
........#l..(w....>.........
.... #.....###<............
.....##l#g#.# #####....)####
..........#.# #.......
##.####.###.# #.....###
#.....# #.....# #..........#
#.....# ....##.#####


You could see 2 iguanas, a dart slug and a hobgoblin.

Vanquished Creatures
  2 orc priests
  2 orc wizards
  4 adders (D:3)
  3 worms
  5 dart slugs
  4 orcs
  3 endoplasms
  7 giant cockroaches
  3 hobgoblins
  A quokka (D:3)
  7 ball pythons
  6 bats
  2 frilled lizards
  8 goblins
  2 kobolds
  7 rats
66 creatures vanquished.

Vanquished Creatures (others)
  2 withered plants (D:3)
2 creatures vanquished.

Grand Total: 68 creatures vanquished

Notes
Turn   | Place    | Note
-------+----------+-------------------------------------------
     0 | D:1      | belegose the Djinni Fighter began the quest for the Orb.
     0 | D:1      | Reached XP level 1. HP: 20/20 MP: 0/0
   152 | D:1      | Reached XP level 2. HP: 18/25 MP: 0/0
   629 | D:1      | Reached XP level 3. HP: 30/30 MP: 0/0
   629 | D:1      | Learned a level 1 spell: Apportation
   707 | D:1      | Found Jeiny's Book Boutique.
   750 | D:1      | Found a faded altar of an unknown god.
  1390 | D:2      | Found a runed translucent door.
  1391 | D:2      | Noticed Crazy Yiuf
  1887 | D:2      | Reached XP level 4. HP: 30/35 MP: 0/0
  2478 | D:2      | Reached skill level 1 in Dodging
  2641 | D:2      | Reached XP level 5. HP: 41/41 MP: 0/0
  2641 | D:2      | Learned a level 2 spell: Static Discharge
  2779 | D:3      | Reached skill level 1 in Spellcasting
  3191 | D:3      | Reached XP level 6. HP: 33/47 MP: 0/0
  3719 | D:3      | Reached skill level 4 in Shields
  3851 | D:3      | Found a runed translucent door.
  3852 | D:3      | Noticed demibob's ghost (amateur HOGl)
  3967 | D:4      | Noticed an ogre
  4053 | D:4      | HP: 1/47 [iguana (9)]
  4087 | D:4      | HP: 2/47 [dart slug/slug dart (4)]
  4090 | D:4      | Killed from afar by a dart slug

Illustrated notes

Levels and vault maps discovered:
D:1:      erik_arrival_cave_to_civilisation [erik_arrival_cave_to_hall],
          layout_basic, serial_shops, shop, basic_ecumenical_altar
D:2:      layout_loops_ring, minivault_25, uniq_crazy_yiuf_cottage
D:3:      layout_basic, gammafunk_ghost_grave
D:4:      layout_loops_cross, gammafunk_ghost_arena

Skill      XL: |  1  2  3  4  5  6 |
---------------+-------------------+-----
Long Blades    | 2 3 |  3.0
Dodging        | 1 2 |  2.0
Spellcasting   | 1 |  1.2
Shields        | 4 |  4.0
Fighting       | |  3.9
Armour         | |  3.2

Action                   |  1- 3 |  4- 6 || total
-------------------------+-------+-------++-------
Melee: Long sword        |   106 |   133 ||   239
Armor: Scale mail        |    41 |       ||    41
       Ring mail         |    14 |    48 ||    62
Dodge: Dodged            |    43 |    69 ||   112
Block: Kite shield       |    31 |       ||    31
       Buckler           |    11 |    27 ||    38
       Rpst.: Long sword |    13 |    19 ||    32
